 Dungeon Crawl Stone Soup version 0.30-a0-726-gd89dcf765f (webtiles) character file.

Game seed: 6449387071792480723

679 Conn the Magician (level 7, 0/37 HPs)
             Began as a Deep Elf Fire Elementalist on Jan 29, 2023.
             Was an Initiate of Sif Muna.
             Slain by an orc
             ... wielding a +0 hand axe
              (5 damage)
             ... on level 5 of the Dungeon.
             The game lasted 00:13:53 (4211 turns).

Conn the Magician (Deep Elf Fire Elementalist)      Turns: 4211, Time: 00:13:53

Health: 0/37       AC:  4    Str:  5    XL:     7   Next: 34%
Magic:  3/18       EV: 13    Int: 22    God:    Sif Muna [......]
Gold:   230        SH:  0    Dex: 15    Spells: 7/18 levels left

rFire   . . .      SeeInvis .    z - +3 dagger (protect)
rCold   + . .      Faith    .    (no shield)
rNeg    . . .      Spirit   .    a - +0 robe
rPois   .          Reflect  .    (no helmet)
rElec   .          Harm     .    (no cloak)
rCorr   .          Rampage  .    c - +1 pair of gloves
Will    .....                    (no boots)
Stlth   +++                      (no amulet)
HPRegen 0.26/turn                p - ring of flight
MPRegen 0.16/turn                t - ring of protection from cold

@: flying
A: no striking features
a: Renounce Religion


You were on level 5 of the Dungeon.
You worshipped Sif Muna.
Sif Muna was noncommittal.
You visited 1 branch of the dungeon, and saw 5 of its levels.

You collected 230 gold pieces.

Inventory:

Hand Weapons
 f - a +0 dagger
 u - a +2 short sword of venom
 z - a +3 dagger of protection (weapon)
Missiles
 w - a throwing net
Armour
 a - a +0 robe (worn)
 c - a +1 pair of gloves (worn)
Jewellery
 p - a ring of flight (left hand)
 t - a ring of protection from cold (right hand)
Scrolls
 e - a scroll of brand weapon {unknown}
 h - 4 scrolls of noise
 i - 4 scrolls of magic mapping
 j - 2 scrolls of identify
 m - a scroll of teleportation
 q - a scroll of amnesia
 s - a scroll of silence
 y - a scroll of fog {unknown}
Potions
 b - a potion of magic
 d - 2 potions of mutation {unknown}
 g - a potion of resistance {unknown}
 l - 2 potions of curing {unknown}
 n - 3 potions of attraction {unknown}
 o - 2 potions of haste {unknown}
 r - a potion of might {unknown}
 v - a potion of invisibility {unknown}
 A - a potion of brilliance {unknown}


   Skills:
 + Level 0.3 Fighting
 + Level 0.8 Short Blades
 + Level 3.3 Dodging
 + Level 4.6 Stealth
 + Level 6.0 Spellcasting
 + Level 3.7 Conjurations
 + Level 1.1 Hexes
 + Level 0.2 Summonings
 + Level 5.8 Fire Magic


You had 7 spell levels left.
You knew the following spells:

 Your Spells              Type           Power      Damage    Failure   Level
a - Foxfire               Conj/Fire      100%       2x1d9     1%          1
b - Summon Small Mammal   Summ           28%        N/A       9%          1
c - Inner Flame           Hex/Fire       22%        N/A       6%          3
d - Flame Wave            Conj/Fire      27%        2d9       13%         4
e - Scorch                Fire           64%        2d8       1%          2

Your spell library contained the following spells:

 Spells                   Type           Power      Damage    Failure   Level
 Apportation              Tloc           12%        N/A       9%          1
 Necrotise                Necr           24%        1d5       9%          1
 Ensorcelled Hibernation  Hex/Ice        18%        N/A       11%         2
 Kindle Blastsparks       Fire/Tloc/Air  30%        2d12      12%         3
 Passwall                 Tmut/Erth      5%         N/A       14%         2
 Sublimation of Blood     Necr           6%         N/A       14%         2
 Swiftness                Air            6%         N/A       26%         3
 Iskenderun's Battlesphe  Conj           23%        2d8       47%         5
 Animate Dead             Necr           6%         N/A       65%         4
 Petrify                  Tmut/Erth      6%         N/A       65%         4
 Irradiate                Conj/Tmut      7%         3d14      75%         5
 Borgnjor's Vile Clutch   Necr/Erth      3%         N/A       94%         5
 Death Channel            Necr           3%         N/A       100%        6
 Iron Shot                Conj/Erth      7%         9d2       100%        6
 Spellforged Servitor     Conj/Summ      7%         N/A       100%        7


Dungeon Overview and Level Annotations

Branches:
Dungeon (5/15)
 Temple: D:4-7

Altars:
Hepliaklqana
Kikubaaqudgha
Sif Muna
Yredelemnul

Shops:
D:1 ?   D:3 :


Message History

* * * LOW HITPOINT WARNING * * *
The orc hits your orc priest with a +0 hand axe.
Your orc priest dies!
You aren't carrying any items that you can evoke.
You feel much better. The orc barely misses you.
Casting: Foxfire (safe; 1% risk of failure)
Confirm with . or Enter, or press ? or * to list all spells.
You conjure some foxfire!
The orc hits you with a +0 hand axe. The orc warrior barely misses you.
The orc warrior attacks as you move away!
The orc warrior hits you with a +0 flail!
The foxfire hits the orc warrior.
Flame seeps out of the orc warrior.
The orc warrior is severely wounded.
The foxfire hits the orc warrior but does no damage.
The orc warrior is severely wounded.
The orc warrior is engulfed in blazing flames.
Flame seeps out of the orc warrior.
The orc warrior hits you with a +0 flail!
* * * LOW HITPOINT WARNING * * *
Okay, then.
Okay, then.
The orc warrior attacks as you move away!
The orc warrior hits you with a +0 flail.
* * * LOW HITPOINT WARNING * * *
You aren't carrying any items that you can evoke.
Unknown command.
Unknown command.
Unknown command.
Unknown command.
Unknown command.
Unknown command.
Casting: Foxfire (safe; 1% risk of failure)
Confirm with . or Enter, or press ? or * to list all spells.
Flames lash the orc warrior but do no damage.
The orc closely misses you.
Okay, then.
Casting: Scorch (safe; 1% risk of failure)
Confirm with . or Enter, or press ? or * to list all spells.
The orc hits you with a +0 hand axe.
You die...

##..## ###.##*,,##.##.. *
#...## ##.###*...#... **
##...# ####..###.#.... ,**
##..## #.*##..#......#
,,** #..)# *.#*##.........
*,,** ##..##
*#.##.......... **,,**
#...## #.............
**,,*
##...#####..........##.
*,,*
#...#@##...##.......##
**,,*
##...o#r.##..#.........
**,,,*
*#.....#..###...........
*,,,**
*#.....#.#.###......#....
,,,,*
*#....#####..#.....####...
,,*** #...###.#....#....##
##... *** *#..#*
*#..........#* #.... *
*...* ####........###....
*..** **,,##.#...#........


You could see an orc (ally target) and a friendly rat (summoned).

Vanquished Creatures
  Edmund (D:5)
  2 ogres
  A scorpion (D:5)
  A hound (D:5)
  2 orc wizards (D:5)
  4 gnolls (D:4)
  8 adders
  An ufetubus (D:4)
  2 worms
  A dart slug (D:4)
  11 orcs
  5 bats
  6 endoplasms
  3 giant cockroaches
  10 goblins
  10 hobgoblins
  A quokka (D:2)
  12 ball pythons
  4 frilled lizards
  8 kobolds
  2 rats
95 creatures vanquished.

Vanquished Creatures (collateral kills)
  An orc (D:5)
1 creature vanquished.

Vanquished Creatures (others)
  An orc priest (D:5)
  244 foxfires
245 creatures vanquished.

Grand Total: 341 creatures vanquished

Notes
Turn   | Place    | Note
-------+----------+-------------------------------------------
     0 | D:1      | Conn the Deep Elf Fire Elementalist began the quest for the
                  | Orb.
     0 | D:1      | Reached XP level 1. HP: 10/10 MP: 6/6
   119 | D:1      | Found Egyarail's Magic Scroll Emporium.
   247 | D:1      | Reached XP level 2. HP: 15/15 MP: 2/8
   929 | D:2      | Reached XP level 3. HP: 19/19 MP: 1/9
  1144 | D:2      | Found a hazy altar of Hepliaklqana.
  1772 | D:3      | Learned a level 2 spell: Scorch
  1783 | D:3      | Reached XP level 4. HP: 24/24 MP: 4/11
  1792 | D:3      | Reached skill level 4 in Spellcasting
  1798 | D:3      | Learned a level 3 spell: Inner Flame
  1803 | D:3      | Learned a level 4 spell: Flame Wave
  1920 | D:3      | Found Dureopor's Book Shop.
  2493 | D:4      | Noticed an ogre
  2506 | D:4      | Killed an ogre
  2507 | D:4      | Reached XP level 5. HP: 28/28 MP: 5/13
  2664 | D:4      | Found a shimmering blue altar of Sif Muna.
  2665 | D:4      | Found a basalt altar of Yredelemnul.
  2665 | D:4      | Found an ancient bone altar of Kikubaaqudgha.
  2678 | D:4      | Became a worshipper of Sif Muna the Loreminder
  2748 | D:4      | Reached skill level 5 in Fire Magic
  2785 | D:4      | Reached XP level 6. HP: 28/32 MP: 4/15
  3625 | D:5      | Entered Level 5 of the Dungeon
  3663 | D:5      | Reached skill level 5 in Spellcasting
  3732 | D:5      | Learned a level 1 spell: Summon Small Mammal
  3796 | D:5      | Noticed Edmund
  3806 | D:5      | Killed Edmund
  3807 | D:5      | Reached skill level 1 in Hexes
  3807 | D:5      | Reached XP level 7. HP: 36/36 MP: 5/17
  4176 | D:5      | Reached skill level 6 in Spellcasting
  4211 | D:5      | Slain by an orc

Illustrated notes

Levels and vault maps discovered:
D:1:      mushboom_english_gardens, layout_basic, serial_shops, shop_statue,
          minmay_misc_feat_tiny, minmay_misc_feat_secret_circle,
          minmay_tromino_v4_c
D:2:      layout_basic, basic_altar
D:3:      layout_basic, serial_shops, shop, grunt_ministairs_13
D:4:      layout_loops_ring, chequers_temple_overflow_statue_of_worship,
          minmay_starry_boxes
D:5:      layout_layer_cave, kennysheep_little_box, uniq_crazy_yiuf_cottage,
          uniq_edmund

Skill      XL: |  1  2  3  4  5  6  7 |
---------------+----------------------+-----
Fire Magic     | 4 5 |  5.8
Stealth        | 3 4 |  4.6
Conjurations   | 2 3 |  3.7
Spellcasting   | 4 5 6 |  6.0
Dodging        | 3 |  3.3
Hexes          | 1 |  1.1
Fighting       | |  0.3
Short Blades   | |  0.8
Summonings     | |  0.2

Action                     |  1- 3 |  4- 6 |  7- 9 || total
---------------------------+-------+-------+-------++-------
  Melee: Unarmed           |     3 |       |       ||     3
         Dagger            |    20 |    18 |     5 ||    43
         Short sword       |       |    23 |       ||    23
         Punch             |       |     1 |       ||     1
   Cast: Foxfire           |    73 |    61 |    19 ||   153
         Scorch            |       |     8 |     2 ||    10
         Inner Flame       |       |     4 |     1 ||     5
         Summon Small Mamm |       |     2 |     1 ||     3
  Evoke: Wand              |       |       |     2 ||     2
    Use: Scroll            |     1 |     9 |     1 ||    11
         Potion            |       |       |     3 ||     3
   Stab: Sleeping          |     4 |     6 |       ||    10
 Armour: Robe              |    13 |    12 |     2 ||    27
  Dodge: Dodged            |    21 |    28 |    13 ||    62

Table legend: (Time is in decaauts)
 A = Elapsed time spent in this place.
 B = Non-inter-level travel time spent in this place.
 C = Inter-level travel time spent in this place.
 D = Time resting spent in this place.
 E = Time spent auto-exploring this place.
 F = Levels seen in this place.
 G = Mean time per level.
                   A        B        C        D        E       F      G
               +--------+--------+--------+--------+--------+-----+--------+
         Total |   4207 |   4127 |     80 |     32 |   3148 |   5 |  841.4 |
       Dungeon |   4207 |   4127 |     80 |     32 |   3148 |   5 |  841.4 |
               +--------+--------+--------+--------+--------+-----+--------+

Top non-repeatable levels by time:
     D:4: 1150 daAuts
     D:1: 918 daAuts
     D:3: 784 daAuts
     D:2: 768 daAuts
     D:5: 585 daAuts
